 Dungeon Crawl Stone Soup version 0.25-a0-731-g0472a16d6a (webtiles) character file.

Game seed: 970037205645978242, levelgen mode: deterministic

99316 tilp the Fighter (level 16, -4/127 HPs)
             Began as a Gnoll Wanderer on Apr 8, 2020.
             Was the Champion of Cheibriados.
             Killed from afar by a crystal guardian (40 damage)
             ... with a crystal bolt
             ... on level 13 of the Dungeon.
             The game lasted 01:21:08 (27698 turns).

tilp the Fighter (Gnoll Wanderer)                  Turns: 27698, Time: 01:21:09

Health: -4/127     AC: 32    Str: 40    XL:     16   Next: 24%
Magic:  20/30      EV: 19    Int: 44    God:    Cheibriados [******]
Gold:   1146       SH: 14    Dex: 29    Spells: 6/36 levels left

rFire    . . .     SeeInvis +     - Unarmed
rCold    . . .     Gourm    .   s - -2 kite shield (curse)
rNeg     + . .     Faith    .   U - +8 chain mail "Xaotil" {MR- Str+7}
rPois    .         Spirit   .   I - +2 helmet {Int+3}
rElec    .         Reflect  .   w - +1 cloak
rCorr    .         Harm     .   C - +1 pair of gloves
MR       .....                  L - +2 pair of boots
Stlth    ++........             Z - amulet of the acrobat
HPRegen  0.31/turn              h - ring of Luashemp {rC- rN+ Int+7 SInv Stlth+}
MPRegen  0.22/turn              m - ring of protection from cold

@: very slow
A: distributed training, fangs 1, strong nose
a: Bend Time, Temporal Distortion, Slouch, Step From Time, Renounce Religion


You were on level 13 of the Dungeon.
You worshipped Cheibriados.
Cheibriados was exalted by your worship.
You were near starving.

You visited 4 branches of the dungeon, and saw 24 of its levels.
You also visited: Gauntlet, Ice Cave and Volcano.

You collected 2321 gold pieces.
You spent 1175 gold pieces at shops.

Inventory:

Hand Weapons
 a - the +8 glaive of the Guard {elec, +Rage AC+5 SInv}
   (You found it in an ice cave)

   Occasionally, upon striking a foe, it will discharge some electrical energy
   and cause terrible harm.
   It affects your AC (+5).
   It lets you see invisible.
   It lets you go berserk.
 b - the +7 quarterstaff of the Warrior-Mage {elec, rC+}
   (You found it on level 7 of the Dungeon)

   Occasionally, upon striking a foe, it will discharge some electrical energy
   and cause terrible harm.
   It protects you from cold.
Missiles
 e - 16 silver javelins (quivered)
 j - 3 silver boomerangs
 Q - 35 boomerangs
Armour
 n - the +5 crystal plate armour of Qimyany {rElec rC- rCorr}
   (You took it off a minotaur in a Gauntlet)

   It makes you vulnerable to cold.
   It insulates you from electricity.
   It provides partial protection from all sources of acid and corrosion.
 s - a cursed -2 kite shield (worn)
 t - a +1 tower shield of cold resistance
 w - a +1 cloak (worn)
 C - a +1 pair of gloves (worn)
 I - a +2 helmet of intelligence (worn)
 L - a +2 pair of boots (worn)
 U - the +8 chain mail "Xaotil" (worn) {MR- Str+7}
   (You found it on level 9 of the Dungeon)

   It affects your strength (+7).
   It affects your resistance to hostile enchantments.
Jewellery
 g - a +4 ring of dexterity
 h - the ring of Luashemp (left hand) {rC- rN+ Int+7 SInv Stlth+}
   (You found it in a Gauntlet)

   [ring of stealth]

   It affects your intelligence (+7).
   It makes you vulnerable to cold.
   It protects you from negative energy.
   It lets you see invisible.
   It makes you more stealthy.
 m - a ring of protection from cold (right hand)
 G - the ring of Freedom {+Fly rElec rF++ MR+ Int-2}
   (You found it on level 5 of the Lair of Beasts)

   [ring of flight]

   It affects your intelligence (-2).
   It greatly protects you from fire.
   It insulates you from electricity.
   It affects your resistance to hostile enchantments.
   It lets you fly.
 O - an uncursed ring of poison resistance
 Z - an amulet of the acrobat (around neck)
Wands
 f - a wand of iceblast (21)
 y - a wand of acid (32)
 J - a wand of paralysis (29)
 S - a wand of enslavement (23)
 V - a wand of polymorph (19)
 X - a wand of flame (45)
 Y - a wand of digging (2)
Scrolls
 p - 5 scrolls of remove curse
 x - 2 scrolls of fog
 D - 13 scrolls of teleportation
 E - a scroll of identify
 F - a scroll of blinking
 N - 4 scrolls of amnesia
 P - a scroll of brand weapon
 T - 5 scrolls of enchant weapon
Potions
 i - 5 potions of magic
 k - 6 potions of heal wounds
 l - 3 potions of flight
 o - 2 potions of mutation
 q - 3 potions of stabbing
 r - 5 potions of brilliance
 u - a potion of ambrosia
 A - 5 potions of resistance
 H - 11 potions of curing
 K - 6 potions of might
 M - 3 potions of cancellation
Miscellaneous
 d - 4 boxes of beasts
 B - 4 phantom mirrors
 R - 2 tins of tremorstones
 W - a phial of floods
Comestibles
 c - 43 rations


   Skills:
 + Level 12.1 Fighting
 + Level 10.5 Short Blades
 + Level 10.5 Long Blades
 + Level 10.5 Axes
 + Level 10.5 Maces & Flails
 + Level 11.3 Polearms
 + Level 10.5 Staves
 + Level 10.5 Slings
 + Level 10.5 Bows
 + Level 10.5 Crossbows
 + Level 10.8 Throwing
 + Level 11.3 Armour
 + Level 10.5 Dodging
 + Level 10.7 Stealth
 + Level 10.5 Shields
 + Level 10.5 Unarmed Combat
 + Level 10.5 Spellcasting
 + Level 8.9 Conjurations
 + Level 8.9 Hexes
 + Level 8.9 Charms
 + Level 8.9 Summonings
 + Level 8.9 Necromancy
 + Level 8.9 Translocations
 + Level 8.9 Transmutations
 + Level 8.9 Fire Magic
 + Level 8.9 Ice Magic
 + Level 8.9 Air Magic
 + Level 8.9 Earth Magic
 + Level 8.9 Poison Magic
 + Level 11.3 Invocations
 + Level 10.8 Evocations


You had 6 spell levels left.
You knew the following spells:

 Your Spells              Type           Power        Failure   Level  Hunger
a - Sticks to Snakes      Tmut           #######.     1%          2    None
b - Apportation           Tloc           ######       1%          1    None
c - Summon Butterflies    Summ           #######.     1%          1    None
d - Lesser Beckoning      Tloc           #######...   1%          3    None
e - Tukima's Dance        Hex            #######.     1%          3    None
f - Blink                 Tloc           N/A          1%          2    None
g - Call Imp              Summ           #######.     1%          2    None
h - Slow                  Hex            #######.     1%          2    None
i - Mephitic Cloud        Conj/Pois/Air  #######.     1%          3    None
j - Summon Lightning Spi  Summ/Air       #######.     1%          4    None
k - Bolt of Magma         Conj/Fire/Erth #######...   4%          5    None
l - Shroud of Golubria    Chrm/Tloc      ######       1%          2    None

Your spell library contained the following spells:

 Spells                   Type           Power        Failure   Level  Hunger
 Beastly Appendage        Tmut           ######       1%          1    None
 Magic Dart               Conj           ####         1%          1    None
 Summon Small Mammal      Summ           ####         1%          1    None
 Searing Ray              Conj           ######       1%          2    None
 Call Canine Familiar     Summ           #######.     1%          3    None
 Conjure Flame            Conj/Fire      #######.     1%          3    None
 Dazzling Flash           Conj/Hex       ######       1%          3    None
 Gell's Gravitas          Tloc           #######...   1%          3    None
 Spider Form              Tmut/Pois      #######...   1%          3    None
 Summon Guardian Golem    Hex/Summ       #######.     1%          3    None
 Teleport Other           Tloc           #######.     1%          3    None
 Fulminant Prism          Conj/Hex       #######...   1%          4    None
 Ice Form                 Ice/Tmut       #######.     1%          4    None
 Iskenderun's Mystic Bla  Conj/Tloc      #######.     1%          4    None
 Passage of Golubria      Tloc           N/A          1%          4    None
 Summon Ice Beast         Ice/Summ       #######.     1%          4    None
 Alistair's Intoxication  Tmut/Pois      #######.     4%          5    None
 Blade Hands              Tmut           #######...   4%          5    None
 Iskenderun's Battlesphe  Conj/Chrm      #######.     4%          5    None
 Invisibility             Hex            #######.     24%         6    ###....
 Iron Shot                Conj/Erth      #######...   24%         6    ###....
 Orb of Destruction       Conj           #######...   80%         7    #####..
 Spellforged Servitor     Conj/Summ      #######...   80%         7    #####..


Dungeon Overview and Level Annotations

Branches:
Dungeon (15/15)            Temple (1/1) D:4            Lair (6/6) D:9
 Shoals (0/4) Lair:4       Spider (0/4) Lair:3        Slime (0/5) Lair:5
    Orc (2/2) D:11            Elf (0/3) Orc:2        Vaults (0/5) D:13
 Depths (0/5) D:15          IceCv (visited)         Volcano (visited)
Gauntlet (visited)

Altars:
Ashenzari
Cheibriados
Dithmenos
Elyvilon
Fedhas
Gozag
Hepliaklqana
Kikubaaqudgha
Makhleb
Nemelex Xobeh
Okawaru
Qazlal
Ru
Sif Muna
Trog
Uskayaw
Vehumet
Wu Jian
Xom
Yredelemnul
Zin
The Shining One
Beogh
Jiyva

Shops:
D:4 [[?}   D:8 [   D:10 ?   Orc:1 !   Orc:2 [(!?


Innate Abilities, Weirdness & Mutations

Your experience applies equally to all skills.
You have very sharp teeth.
Your uncanny sense of smell can sniff out nearby items.


Message History

You hit the crystal guardian but do no damage.
The crystal guardian is moderately damaged.
You are engulfed in a cloud of scalding steam.
The crystal guardian hits you but does no damage.
You hit the crystal guardian but do no damage.
You bite the crystal guardian, but do no damage.
The crystal guardian is moderately damaged.
You are engulfed in a cloud of scalding steam.
You block the crystal guardian's attack.
The crystal guardian fires a crystalline bolt at you.
The crystal bolt burns the crystal guardian.
The crystal guardian completely resists.
The crystal bolt burns you!!
* * * LOW HITPOINT WARNING * * *
You punch the crystal guardian!
The crystal guardian is heavily damaged.
You are engulfed in a cloud of scalding steam.
The crystal guardian fires a crystalline bolt at you.
The crystal bolt burns you!!!
You die...

#...################
#...................
#.≈≈≈≈≈≈≈≈≈≈≈≈≈≈####
#.≈############≈#
#.≈# ..$.. ∆ #≈#
#.≈# ......∆∆∆#≈#
#.≈##$?..$. ∆#≈#
#.≈##......∆ #≈#
#.§@88[.$.(∆ #≈#
#.≈##o..[.)∆ ∆#≈#
#.≈##..$$.. ∆ #≈#
#.≈# $....$∆∆∆#≈#
#.≈# }.$.. #≈#
#.≈############≈#
#.≈≈≈≈≈≈≈≈≈≈≈≈≈≈#
#)..........#####
#############


You could see 2 crystal guardians and an orc.

Vanquished Creatures
  A frost giant (IceCv)
  An orc warlord (Orc:2)
  An ironheart preserver (D:13)
  An entropy weaver (Gauntlet)
  A dire elephant (D:15)
  A minotaur (Gauntlet)
  Snorg (D:13)
  An ogre mage (Orc:1)
  A great orb of eyes (D:15)
  9 hydras
  A catoblepas (Lair:5)
  4 centaur warriors
  9 two-headed ogres
  A merfolk avatar (Lair:6)
  2 tengu warriors
  5 orc high priests
  2 orange crystal statues
  A sea snake (Lair:6)
  2 unseen horrors
  Pikel (D:6)
  A harpy (Lair:6)
  A lindwurm (Volcano)
  An ugly thing (D:12)
  5 orc sorcerers
  A salamander (D:15)
  3 oklob plants
  A wolf spider (Gauntlet)
  An orc knight (D:15)
  3 deep elf magi
  3 cyclopes
  8 elephants (Lair:6)
  3 manticores
  A moth of wrath (Gauntlet)
  3 black mambas
  A centaur zombie (D:13)
  An ice statue (IceCv)
  11 spiny frogs
  2 gargoyles
  A kobold demonologist (D:12)
  2 efreet
  13 komodo dragons
  2 rime drakes (Lair:6)
  10 trolls
  5 tengu conjurers
  A troll (shapeshifter) (D:15)
  A wind drake (Lair:6)
  A jumping spider (Gauntlet)
  Prince Ribbit (D:5)
  17 polar bears
  4 hornets
  5 slime creatures
  A dream sheep (Lair:5)
  12 blink frogs
  A snapping turtle (Lair:4)
  6 hippogriffs
  Sigmund (D:6)
  3 shadows
  51 yaks
  A vampire (D:12)
  9 fire bats (Volcano)
  5 wyverns
  2 steam dragons (Volcano)
  8 vampire mosquitoes
  2 basilisks
  3 hungry ghosts
  A warg (Orc:2)
  4 acid dragons
  17 water moccasins
  A soldier ant (D:15)
  4 hell hounds (Volcano)
  3 porcupines
  An ice beast (D:14)
  A slave (D:6)
  3 sky beasts
  4 black bears
  2 eyes of draining
  13 ogres
  45 orc warriors
  A phantom (D:10)
  A necrophage (D:14)
  23 wolves
  14 centaurs
  14 crocodiles
  A big kobold (D:8)
  13 bullfrogs
  A gnoll sergeant (D:9)
  A wyvern skeleton (D:11)
  3 scorpions
  6 killer bees
  5 wights (D:8)
  A howler monkey (D:4)
  3 electric eels
  A bullfrog zombie (D:12)
  14 crimson imps
  10 hounds
  9 jellies
  19 orc priests
  31 orc wizards
  A bullfrog skeleton (D:8)
  5 centaur skeletons
  3 iguanas
  Natasha (twice) (D:2)
  4 hell rats (Lair:2)
  13 worker ants
  A hound skeleton (D:4)
  A worker ant zombie (D:10)
  5 gnolls (D:9)
  16 adders
  2 shadow imps
  12 white imps (D:13)
  6 oozes
  3 adder skeletons
  2 adder zombies (D:8)
  9 worms
  A dart slug (D:2)
  4 leopard geckos
  106 orcs
  3 ball pythons
  8 giant cockroaches
  10 goblins
  7 hobgoblins
  11 jackals
  8 quokkas
  8 bats
  9 frilled lizards
  A jackal skeleton (D:5)
  10 kobolds
  A quokka skeleton (D:4)
  11 rats
  A butterfly (Lair:4)
  A fungus (D:3)
  2 plants
821 creatures vanquished.

Vanquished Creatures (collateral kills)
  2 hydras (Lair:5)
  A fire crab (Volcano)
  A black mamba (Lair:5)
  A plant (Lair:5)
5 creatures vanquished.

Vanquished Creatures (others)
  A shadow (D:11)
  2 orc priests
  2 adders (D:6)
  2 orcs
  A quokka (D:3)
  2 bushes (Lair:6)
  30 fungi
  60 plants
  13 toadstools (D:3)
113 creatures vanquished.

Grand Total: 939 creatures vanquished

Notes
Turn   | Place    | Note
-------+----------+-------------------------------------------
     0 | D:1      | tilp the Gnoll Wanderer began the quest for the Orb.
     0 | D:1      | tilp set off with the following items: a +0 spear, a +0
                  | ring mail, a box of beasts, a ration
     0 | D:1      | Reached XP level 1. HP: 23/23 MP: 2/2
    92 | D:1      | Reached XP level 2. HP: 24/29 MP: 3/3
   302 | D:1      | Reached XP level 3. HP: 31/35 MP: 4/4
   603 | D:2      | Noticed Natasha
   616 | D:2      | Killed Natasha
   616 | D:2      | Reached skill level 1 in Short Blades
   616 | D:2      | Reached skill level 1 in Long Blades
   616 | D:2      | Reached skill level 1 in Axes
   616 | D:2      | Reached skill level 1 in Maces & Flails
   616 | D:2      | Reached skill level 1 in Staves
   616 | D:2      | Reached skill level 1 in Slings
   616 | D:2      | Reached skill level 1 in Bows
   616 | D:2      | Reached skill level 1 in Crossbows
   616 | D:2      | Reached skill level 1 in Dodging
   616 | D:2      | Reached skill level 1 in Shields
   616 | D:2      | Reached skill level 1 in Unarmed Combat
   616 | D:2      | Reached skill level 1 in Spellcasting
   616 | D:2      | Reached skill level 1 in Invocations
   616 | D:2      | Reached XP level 4. HP: 5/41 MP: 4/6
   927 | D:2      | Found a sacrificial altar of Ru.
   990 | D:2      | Found an ancient bone altar of Kikubaaqudgha.
  1028 | D:2      | Found a shimmering blue altar of Sif Muna.
  1175 | D:2      | Reached skill level 1 in Conjurations
  1175 | D:2      | Reached skill level 1 in Hexes
  1175 | D:2      | Reached skill level 1 in Charms
  1175 | D:2      | Reached skill level 1 in Summonings
  1175 | D:2      | Reached skill level 1 in Necromancy
  1175 | D:2      | Reached skill level 1 in Translocations
  1175 | D:2      | Reached skill level 1 in Transmutations
  1175 | D:2      | Reached skill level 1 in Fire Magic
  1175 | D:2      | Reached skill level 1 in Ice Magic
  1175 | D:2      | Reached skill level 1 in Air Magic
  1175 | D:2      | Reached skill level 1 in Earth Magic
  1175 | D:2      | Reached skill level 1 in Poison Magic
  1556 | D:2      | Reached XP level 5. HP: 47/47 MP: 7/7
  1676 | D:2      | Noticed Natasha
  1688 | D:2      | Killed Natasha
  1743 | D:2      | Found a radiant altar of Vehumet.
  1985 | D:3      | Found a white marble altar of Elyvilon.
  2407 | D:3      | Found a bloodstained altar of Trog.
  2465 | D:3      | Found a blossoming altar of Fedhas.
  2485 | D:3      | Noticed an oklob plant
  2769 | D:4      | Found Lubaymon's Gadget Boutique.
  2849 | D:4      | Reached XP level 6. HP: 38/53 MP: 8/8
  3149 | D:4      | Reached skill level 5 in Polearms
  3149 | D:4      | Reached skill level 5 in Armour
  3448 | D:4      | Found Curaxicyis's Magic Scroll Shop.
  3453 | D:4      | Bought a scroll of random uselessness for 11 gold pieces
  3477 | D:4      | Found a staircase to the Ecumenical Temple.
  3488 | Temple   | Entered the Ecumenical Temple
  3695 | Temple   | Became a worshipper of Cheibriados the Contemplative
  3982 | D:4      | Found Ludaudon's Armour Shop.
  3987 | D:4      | Bought a +0 pair of gloves for 63 gold pieces
  4164 | D:4      | Reached XP level 7. HP: 59/59 MP: 10/10
  4283 | D:4      | Found Bepon's Armour Shop.
  4348 | D:4      | Bought a scroll of magic mapping for 38 gold pieces
  4348 | D:4      | Bought a scroll of identify for 22 gold pieces
  4348 | D:4      | Bought a scroll of identify for 22 gold pieces
  4348 | D:4      | Bought a scroll of identify for 22 gold pieces
  4368 | D:5      | Entered Level 5 of the Dungeon
  4689 | D:5      | Noticed Prince Ribbit
  4708 | D:5      | Reached skill level 7 in Fighting
  4720 | D:5      | Killed Prince Ribbit
  4720 | D:5      | Reached * piety under Cheibriados
  5586 | D:6      | Noticed Sigmund
  5597 | D:6      | Killed Sigmund
  5597 | D:6      | Reached XP level 8. HP: 52/67 MP: 12/12
  5697 | D:6      | Noticed Pikel
  5711 | D:6      | Killed Pikel
  5788 | D:6      | Reached XP level 9. HP: 41/72 MP: 14/14
  6685 | D:7      | Got a dazzling quarterstaff
  6686 | D:7      | Identified the +7 quarterstaff of the Warrior-Mage {elec,
                  | rC+} (You found it on level 7 of the Dungeon)
  6779 | D:7      | Found a shimmering altar of Xom.
  7234 | D:7      | Reached ** piety under Cheibriados
  7524 | D:7      | Reached skill level 5 in Throwing
  7524 | D:7      | Reached skill level 5 in Evocations
  7616 | D:7      | Reached skill level 5 in Stealth
  7947 | D:8      | Reached skill level 8 in Fighting
  7993 | D:8      | Reached *** piety under Cheibriados
  8002 | D:8      | Reached skill level 5 in Invocations
  8368 | D:8      | Reached XP level 10. HP: 73/80 MP: 15/17
  8396 | D:8      | Found an opulent altar of Gozag.
  8438 | D:8      | Found Ijischan's Antique Armour Shoppe.
  8691 | D:8      | Noticed a two-headed ogre
  8701 | D:8      | Killed a two-headed ogre
  8701 | D:8      | Reached skill level 5 in Short Blades
  8701 | D:8      | Reached skill level 5 in Long Blades
  8701 | D:8      | Reached skill level 5 in Axes
  8701 | D:8      | Reached skill level 5 in Maces & Flails
  8701 | D:8      | Reached skill level 5 in Staves
  8701 | D:8      | Reached skill level 5 in Slings
  8701 | D:8      | Reached skill level 5 in Bows
  8701 | D:8      | Reached skill level 5 in Crossbows
  8701 | D:8      | Reached skill level 5 in Dodging
  8701 | D:8      | Reached skill level 5 in Shields
  8701 | D:8      | Reached skill level 5 in Unarmed Combat
  8701 | D:8      | Reached skill level 5 in Spellcasting
  8821 | D:9      | Reached **** piety under Cheibriados
  9354 | D:9      | Reached ***** piety under Cheibriados
  9383 | D:9      | Got a heavily jewelled robe
  9395 | D:9      | Found a staircase to the Lair.
  9763 | D:9      | Learned a level 2 spell: Sticks to Snakes
  9867 | D:9      | Got an ichor-stained chain mail
  9967 | D:4      | Bought a +2 helmet of intelligence for 258 gold pieces
 10097 | D:10     | Entered Level 10 of the Dungeon
 10158 | D:10     | Reached XP level 11. HP: 65/87 MP: 19/19
 10179 | D:10     | Identified the +8 chain mail "Xaotil" {MR- Str+7} (You
                  | found it on level 9 of the Dungeon)
 10528 | D:10     | Found Kesk's Magic Scroll Shop.
 10531 | D:10     | Bought a scroll of identify for 26 gold pieces
 10531 | D:10     | Bought a scroll of identify for 26 gold pieces
 10531 | D:10     | Bought a scroll of identify for 26 gold pieces
 10531 | D:10     | Identified the cursed +0 robe of Restlessness {rC- Int+3}
                  | (You found it on level 9 of the Dungeon)
 10564 | D:11     | Found a staircase to the Orcish Mines.
 10709 | D:11     | Found a stormy altar of Qazlal.
 10733 | D:11     | Reached skill level 9 in Fighting
 10759 | D:11     | Found a white marble altar of Elyvilon.
 11037 | D:11     | Reached skill level 5 in Conjurations
 11037 | D:11     | Reached skill level 5 in Hexes
 11037 | D:11     | Reached skill level 5 in Charms
 11037 | D:11     | Reached skill level 5 in Summonings
 11037 | D:11     | Reached skill level 5 in Necromancy
 11037 | D:11     | Reached skill level 5 in Translocations
 11037 | D:11     | Reached skill level 5 in Transmutations
 11037 | D:11     | Reached skill level 5 in Fire Magic
 11037 | D:11     | Reached skill level 5 in Ice Magic
 11037 | D:11     | Reached skill level 5 in Air Magic
 11037 | D:11     | Reached skill level 5 in Earth Magic
 11037 | D:11     | Reached skill level 5 in Poison Magic
 11099 | D:11     | Learned a level 1 spell: Apportation
 11101 | D:11     | Learned a level 1 spell: Summon Butterflies
 11105 | D:11     | Learned a level 3 spell: Lesser Beckoning
 11109 | D:11     | Learned a level 3 spell: Tukima's Dance
 11424 | Lair:1   | Entered Level 1 of the Lair of Beasts
 11709 | Lair:1   | Reached ****** piety under Cheibriados
 12576 | Lair:2   | Noticed an eight-headed hydra
 12589 | Lair:2   | Reached XP level 12. HP: 31/96 MP: 16/22
 12589 | Lair:2   | Killed an eight-headed hydra
 14201 | Lair:3   | Found a dark tunnel.
 14216 | Volcano  | Entered a volcano
 14366 | Lair:3   | Learned a level 2 spell: Blink
 14369 | Lair:3   | Learned a level 2 spell: Call Imp
 14372 | Lair:3   | Learned a level 2 spell: Slow
 14376 | Lair:3   | Learned a level 3 spell: Mephitic Cloud
 14529 | Lair:3   | Noticed a five-headed hydra
 14542 | Lair:3   | Killed a five-headed hydra
 14542 | Lair:3   | Reached skill level 10 in Fighting
 14644 | Lair:3   | You fall into a shaft and drop 1 floor!
 14868 | Lair:3   | Found a hole to the Spider Nest.
 14916 | Lair:3   | Noticed a four-headed hydra
 14926 | Lair:3   | Killed a four-headed hydra
 14926 | Lair:3   | Reached XP level 13. HP: 96/103 MP: 22/24
 15525 | D:4      | Bought a +3 plate armour of poison resistance for 504 gold
                  | pieces
 15969 | Lair:4   | Found a staircase to the Shoals.
 16389 | Lair:5   | Found the +7 captain's cutlass {speed, disarm}
 16449 | Lair:5   | Found a viscous altar of Jiyva.
 16449 | Lair:5   | Found a staircase to the Slime Pits.
 16845 | Lair:5   | Learned a level 4 spell: Summon Lightning Spire
 17205 | Lair:5   | Got a heavily runed copper ring
 17206 | Lair:5   | Identified the ring of Freedom {+Fly rElec rF++ MR+ Int-2}
                  | (You found it on level 5 of the Lair of Beasts)
 17346 | Lair:6   | Entered Level 6 of the Lair of Beasts
 18110 | Lair:6   | Found a stormy altar of Qazlal.
 18368 | Lair:6   | Reached XP level 14. HP: 88/111 MP: 22/26
 18742 | Lair:6   | Reached skill level 10 in Polearms
 18742 | Lair:6   | Reached skill level 10 in Armour
 19194 | Lair:6   | Reached skill level 11 in Fighting
 19528 | Orc:1    | Entered Level 1 of the Orcish Mines
 20344 | Orc:1    | Reached skill level 10 in Invocations
 20508 | Orc:1    | Found Elucludu's Distillery.
 20517 | Orc:1    | Bought a potion of flight for 30 gold pieces
 20570 | Orc:2    | Entered Level 2 of the Orcish Mines
 20574 | Orc:2    | Found a gate leading to a gauntlet.
 20610 | Gauntlet | Entered a Gauntlet
 20610 | Gauntlet | Found a transporter.
 20610 | Gauntlet | Found a transporter.
 20610 | Gauntlet | Found a transporter.
 20620 | Gauntlet | Found a transporter.
 20623 | Gauntlet | Found a transporter.
 20634 | Gauntlet | Found a transporter.
 20636 | Gauntlet | Found a transporter.
 20642 | Gauntlet | Found a transporter.
 20660 | Gauntlet | Found a transporter.
 20660 | Gauntlet | Noticed an entropy weaver
 20679 | Gauntlet | Found a transporter.
 20680 | Gauntlet | Found a transporter.
 20690 | Gauntlet | Found a transporter.
 20943 | Gauntlet | Got a faintly glowing turquoise ring
 20969 | Gauntlet | Killed an entropy weaver
 21137 | Gauntlet | Identified the +5 crystal plate armour of Qimyany {rElec
                  | rC- rCorr}
 21137 | Gauntlet | Identified the ring of the Twenty Queens {rF+ rN+ Int-5
                  | Dex+5}
 21165 | Gauntlet | Got a colourful robe
 21260 | Orc:2    | Identified the ring of Luashemp {rC- rN+ Int+7 SInv Stlth+}
                  | (You found it in a Gauntlet)
 21316 | Orc:2    | Found a roughly hewn altar of Beogh.
 21346 | Orc:2    | Found a roughly hewn altar of Beogh.
 21448 | Orc:2    | Found a roughly hewn altar of Beogh.
 21454 | Orc:2    | Found Uheupilu's Distillery.
 21542 | Orc:2    | Paralysed by an orc sorcerer for 3 turns
 21666 | Orc:2    | Found a roughly hewn altar of Beogh.
 21684 | Orc:2    | Found a staircase to the Elven Halls.
 21814 | Orc:2    | Found a roughly hewn altar of Beogh.
 21815 | Orc:2    | Found Zuzylyip's Magic Scroll Shop.
 21856 | Orc:2    | Bought a scroll of blinking for 127 gold pieces
 22177 | Orc:2    | Reached XP level 15. HP: 108/119 MP: 28/28
 22178 | Orc:2    | Noticed an orc warlord
 22193 | Orc:2    | Killed an orc warlord
 22193 | Orc:2    | Reached skill level 10 in Throwing
 22193 | Orc:2    | Reached skill level 10 in Evocations
 22381 | Orc:2    | Found Vidditid's Antique Armour Shoppe.
 22381 | Orc:2    | Found a roughly hewn altar of Beogh.
 22391 | Orc:2    | Found Talurrin's Antique Weapon Emporium.
 22637 | D:12     | Reached skill level 10 in Stealth
 23269 | D:12     | Learned a level 5 spell: Bolt of Magma
 23272 | D:12     | Learned a level 2 spell: Shroud of Golubria
 23366 | D:13     | Noticed Snorg
 23376 | D:13     | Killed Snorg
 23458 | D:13     | Found a frozen archway.
 23512 | IceCv    | Entered an ice cave
 24078 | IceCv    | Noticed a frost giant
 24081 | IceCv    | Reached skill level 10 in Short Blades
 24081 | IceCv    | Reached skill level 10 in Long Blades
 24081 | IceCv    | Reached skill level 10 in Axes
 24081 | IceCv    | Reached skill level 10 in Maces & Flails
 24081 | IceCv    | Reached skill level 10 in Staves
 24081 | IceCv    | Reached skill level 10 in Slings
 24081 | IceCv    | Reached skill level 10 in Bows
 24081 | IceCv    | Reached skill level 10 in Crossbows
 24081 | IceCv    | Reached skill level 10 in Dodging
 24081 | IceCv    | Reached skill level 10 in Shields
 24081 | IceCv    | Reached skill level 10 in Unarmed Combat
 24081 | IceCv    | Reached skill level 10 in Spellcasting
 24099 | IceCv    | Killed a frost giant
 24201 | IceCv    | Found the +8 glaive of the Guard {elec, +Rage AC+5 SInv}
 24656 | D:13     | Found a runed translucent door.
 24902 | D:13     | Found a gate to the Vaults.
 24968 | D:13     | Found a burning altar of Makhleb.
 25446 | D:14     | Found a runed translucent door.
 25465 | D:14     | Found a runed translucent door.
 25731 | D:14     | Found a runed translucent door.
 25757 | D:14     | Found a runed translucent door.
 25922 | D:14     | Reached skill level 12 in Fighting
 26029 | D:15     | Entered Level 15 of the Dungeon
 26047 | D:15     | Reached XP level 16. HP: 127/127 MP: 30/30
 26142 | D:15     | Found a staircase to the Depths.
 27698 | D:13     | Killed from afar by a crystal guardian

Levels and vault maps discovered:
D:1:      minmay_arrival_cross, layout_basic
D:2:      layout_basic, nicolae_overflow_quartered_altars, uniq_natasha
D:3:      layout_loops_ring, lightli_temple_of_fire, elyvilon_altar_4,
          tgw_fedhas
D:4:      layout_basic, minmay_temple_entry_statues_pillars, serial_shops, shop,
          kennysheep_little_box, kennysheep_mini_moat, shop, first_ration,
          st_stairs_11
D:5:      layout_gridville, uniq_prince_ribbit1
D:6:      layout_loops_cross, uniq_pikel, uniq_sigmund
D:7:      layout_loops_corners, kennysheep_mini, minmay_small_thing
D:8:      layout_rooms, serial_shops, nicolae_shop_waterfront,
          nicolae_gozag_cash_rules_everything_around_me
D:9:      layout_basic, lair_entry_dummy
D:10:     layout_roguey, serial_shops, nicolae_shop_behind_doors
D:11:     minmay_cornered_nines, layout_basic, orc_0_dummy, basic_altar,
          nicolae_qazlal_eye_of_the_storm
D:12:     layout_loops_ring
D:13:     layout_rooms, skrybe_vaults_entry_preservation,
          portal_ice_cave_entry_imps, basic_altar,
          hangedman_little_slice_of_home, minmay_crystal_box, uniq_snorg
D:14:     layout_basic, glass_columns_a, minmay_misc_feat_square,
          minmay_statue_crystal_thing
D:15:     hangedman_depths_entry_try_elsewhere_first, layout_basic,
          chequers_garden
Temple:   dpeg_chambers_temple
Lair:1:   layout_small_grid, st_stairs_3, grunt_megastairs_1
Lair:2:   layout_cave_pods
Lair:3:   layout_regular_city, nicolae_spider_entry_non_spiders,
          enter_volcano_2, serial_bayou_shore_a
Lair:4:   layout_big_grid, minmay_shoals_entry_hut, lemuel_fruit_fields
Lair:5:   layout_roguey, dpeg_slime_entry_enclosed_altar,
          hangedman_lair_generics_rect, minmay_lair_oklob_chamber,
          serial_bayou_shore_b
Lair:6:   gammafunk_lair_ancient_temple, layout_regular_city, basic_altar,
          serial_forest, infiniplex_forest_clump_curved,
          infiniplex_forest_straight_2, infiniplex_forest_clump_small,
          infiniplex_forest_zigzag_2, infiniplex_forest_clump_diagonal,
          infiniplex_forest_straight_5, infiniplex_forest_end_3
Orc:1:    layout_caves, serial_shops, shop
Orc:2:    grunt_orc_community_town_hall, layout_caves,
          grunt_orc_community_big_house_1, grunt_orc_community_big_house_2,
          grunt_orc_community_house_2, grunt_orc_community_house_1,
          grunt_orc_community_house_2, grunt_orc_community_house_1,
          grunt_orc_community_house_1, grunt_orc_community_house_3,
          gauntlet_entry_generic, nicolae_orc_bridge_out

Skill      XL: |  1  2  3  4  5  6  7  8  9 10 11 12 13 14 15 |
---------------+----------------------------------------------+-----
Short Blades   | 1 2 3 4 5 6 7 8 9 10 | 10.5
Long Blades    | 1 2 3 4 5 6 7 8 9 10 | 10.5
Axes           | 1 2 3 4 5 6 7 8 9 10 | 10.5
Maces & Flails | 1 2 3 4 5 6 7 8 9 10 | 10.5
Staves         | 1 2 3 4 5 6 7 8 9 10 | 10.5
Slings         | 1 2 3 4 5 6 7 8 9 10 | 10.5
Bows           | 1 2 3 4 5 6 7 8 9 10 | 10.5
Crossbows      | 1 2 3 4 5 6 7 8 9 10 | 10.5
Dodging        | 1 2 3 4 5 6 7 8 9 10 | 10.5
Shields        | 1 2 3 4 5 6 7 8 9 10 | 10.5
Unarmed Combat | 1 2 3 4 5 6 7 8 9 10 | 10.5
Spellcasting   | 1 2 3 4 5 6 7 8 9 10 | 10.5
Invocations    | 1 2 3 4 5 6 7 8 9 10 11 | 11.3
Conjurations   | 1 2 3 4 5 6 7 8 |  8.9
Hexes          | 1 2 3 4 5 6 7 8 |  8.9
Charms         | 1 2 3 4 5 6 7 8 |  8.9
Summonings     | 1 2 3 4 5 6 7 8 |  8.9
Necromancy     | 1 2 3 4 5 6 7 8 |  8.9
Translocations | 1 2 3 4 5 6 7 8 |  8.9
Transmutations | 1 2 3 4 5 6 7 8 |  8.9
Fire Magic     | 1 2 3 4 5 6 7 8 |  8.9
Ice Magic      | 1 2 3 4 5 6 7 8 |  8.9
Air Magic      | 1 2 3 4 5 6 7 8 |  8.9
Earth Magic    | 1 2 3 4 5 6 7 8 |  8.9
Poison Magic   | 1 2 3 4 5 6 7 8 |  8.9
Throwing       | 3 4 5 6 7 8 9 10 | 10.8
Evocations     | 3 4 5 6 7 8 9 10 | 10.8
Stealth        | 3 4 5 6 7 8 9 10 | 10.7
Polearms       | 5 6 7 8 9 10 11 | 11.3
Armour         | 5 6 7 8 9 10 11 | 11.3
Fighting       | 7 8 9 10 11 12 | 12.1

Action                   |  1- 3 |  4- 6 |  7- 9 | 10-12 | 13-15 | 16-18 || total
-------------------------+-------+-------+-------+-------+-------+-------++-------
Melee: Spear             |    59 |       |       |       |       |       ||    59
       Bite              |    15 |    23 |    36 |    85 |   234 |     9 ||   402
       Dagger            |    36 |   216 |   119 |       |       |       ||   371
       Punch             |       |     2 |     2 |       |       |       ||     4
       Glaive            |       |     2 |    65 |       |   156 |    56 ||   279
       Quarterstaff      |       |       |   116 |   423 |   928 |       ||  1467
       Unarmed           |       |       |       |       |       |     3 ||     3
Throw: Dart              |       |    38 |    26 |    18 |       |       ||    82
       Stone             |       |     2 |       |     8 |       |       ||    10
       Boomerang         |       |       |       |    41 |    64 |       ||   105
       Javelin           |       |       |       |    21 |    23 |    18 ||    62
 Cast: Tukima's Dance    |       |       |       |     1 |       |       ||     1
       Slow              |       |       |       |     2 |    23 |       ||    25
       Lesser Beckoning  |       |       |       |       |    12 |       ||    12
       Call Imp          |       |       |       |       |     2 |       ||     2
       Summon Lightning  |       |       |       |       |     1 |       ||     1
       Mephitic Cloud    |       |       |       |       |     1 |       ||     1
Invok: Slouch            |       |       |       |     4 |     5 |     1 ||    10
Evoke: Wand              |       |       |     3 |     4 |     3 |       ||    10
       Box of beasts     |       |       |       |     1 |       |       ||     1
  Use: Scroll            |     1 |     4 |     9 |    16 |     8 |     3 ||    41
       Potion            |       |       |     2 |       |     3 |       ||     5
 Stab: Distracted        |     1 |       |     1 |       |     3 |       ||     5
       Sleeping          |     1 |     8 |       |       |    18 |     2 ||    29
       Invisible         |       |       |       |       |     5 |       ||     5
       Confused          |       |       |       |       |     2 |       ||     2
  Eat: Chunk             |       |     8 |    10 |     7 |    21 |     2 ||    48
       Ration            |       |     1 |       |     2 |       |       ||     3
Armor: Ring mail         |    33 |    57 |    61 |       |       |       ||   151
       Plate armour      |       |       |    75 |   179 |   214 |       ||   468
       Chain mail        |       |       |       |    17 |   397 |    37 ||   451
Dodge: Dodged            |    42 |    93 |   198 |   286 |  1371 |    69 ||  2059
       Deflected         |       |       |       |     8 |       |       ||     8
Block: Kite shield       |       |       |       |       |       |     1 ||     1

Table legend:
 A = Non-vault XP
 B = Vault XP
 C = Vault XP percentage of total XP
 D = Non-vault monster count
 E = Vault monster count
 F = Vault count percentage of total count
                 A         B        C        D         E       F
            +---------+---------+-------+---------+---------+-------
      Total |   84526 |   57355 |  40.4 |     590 |     231 |  28.1
            +---------+---------+-------+---------+---------+-------
        D:1 |      45 |       0 |   0.0 |      29 |       0 |   0.0
        D:2 |     136 |      35 |  20.5 |      33 |       1 |   2.9
        D:3 |      54 |     565 |  91.3 |      15 |       1 |   6.2
        D:4 |     344 |       4 |   1.1 |      18 |       2 |  10.0
        D:5 |     179 |     286 |  61.5 |      17 |       1 |   5.6
        D:6 |     671 |     874 |  56.6 |      16 |       2 |  11.1
        D:7 |     868 |     189 |  17.9 |      27 |       1 |   3.6
        D:8 |    2508 |       0 |   0.0 |      40 |       0 |   0.0
        D:9 |    1926 |       0 |   0.0 |      42 |       0 |   0.0
       D:10 |    2173 |       0 |   0.0 |      22 |       0 |   0.0
       D:11 |    3292 |     648 |  16.4 |      26 |       3 |  10.3
       D:12 |    6220 |       0 |   0.0 |      37 |       0 |   0.0
       D:13 |    5893 |    5970 |  50.3 |      18 |      33 |  64.7
       D:14 |    8779 |     692 |   7.3 |      42 |       1 |   2.3
       D:15 |    7794 |    3401 |  30.4 |      20 |       4 |  16.7
     Lair:1 |    2200 |     629 |  22.2 |      12 |       2 |  14.3
     Lair:2 |    6540 |       0 |   0.0 |      32 |       0 |   0.0
     Lair:3 |    5684 |     504 |   8.1 |      23 |       8 |  25.8
     Lair:4 |    2391 |     250 |   9.5 |      16 |       1 |   5.9
     Lair:5 |    5346 |    4536 |  45.9 |      14 |      10 |  41.7
     Lair:6 |   10621 |    9268 |  46.6 |      34 |      25 |  42.4
      Orc:1 |    6784 |       0 |   0.0 |      27 |       0 |   0.0
      Orc:2 |    4078 |    9953 |  70.9 |      30 |      72 |  70.6
      IceCv |       0 |    9938 | 100.0 |       0 |      36 | 100.0
    Volcano |       0 |    3774 | 100.0 |       0 |      17 | 100.0
   Gauntlet |       0 |    5839 | 100.0 |       0 |      11 | 100.0
            +---------+---------+-------+---------+---------+-------
